 Dungeon Crawl Stone Soup version 0.26.1-11-gd32895ea62 (webtiles) character file.

Game seed: 13559561070761955374

665 seveneves the Shield-Bearer (level 7, -6/60 HPs)
             Began as a Minotaur Fighter on July 20, 2021.
             Was an Initiate of Elyvilon.
             Mangled by a gnoll sergeant
             ... wielding a +4 spear of venom
              (8 damage)
             ... on level 5 of the Dungeon.
             The game lasted 00:20:59 (3792 turns).

seveneves the Shield-Bearer (Minotaur Fighter)      Turns: 3792, Time: 00:21:01

Health: -6/60      AC:  5    Str: 25    XL:     7   Next: 31%
Magic:  6/6        EV: 10    Int:  5    God:    Elyvilon [......]
Gold:   144        SH: 10    Dex:  9    Spells: 6/6 levels left

rFire    x . .     SeeInvis .   u - +4 rapier
rCold    + . .     Faith    .   c - +0 kite shield
rNeg     . . .     Spirit   .   e - +2 leather armour {Will+}
rPois    .         Reflect  .   (helmet restricted)
rElec    .         Harm     .   (no cloak)
rCorr    .         Rampage  .   (no gloves)
Will     +....                  (no boots)
Stlth    ++........             (no amulet)
HPRegen  0.20/turn              l - ring of stealth
MPRegen  0.10/turn              s - ring of ice

@: lethally poisoned (-6 -> -20)
A: retaliatory headbutt, horns 2, blink, strong 1
a: Blink, Renounce Religion


You were on level 5 of the Dungeon.
You worshipped Elyvilon.
Elyvilon was noncommittal.
You visited 1 branch of the dungeon, and saw 5 of its levels.
You also visited: Sewer and Ossuary.

You collected 144 gold pieces.

Inventory:

Hand Weapons
 g - a +2 short sword of protection
 u - a +4 rapier (weapon)
Armour
 b - a +0 scale mail
 c - a +0 kite shield (worn)
 e - a +2 leather armour of willpower (worn)
Jewellery
 l - a ring of stealth (left hand)
 s - a ring of ice (right hand)
Scrolls
 a - 2 scrolls of remove curse
 f - 5 scrolls of identify
 j - a scroll of random uselessness {unknown}
 k - a scroll of amnesia
 n - a scroll of teleportation
 o - a scroll of fog
 p - a scroll of blinking
Potions
 d - a potion of might
 h - 3 potions of curing
 i - 2 potions of flight {unknown}
 m - a potion of berserk rage


   Skills:
 + Level 4.9 Fighting
 + Level 3.7(4.6) Short Blades
 + Level 4.3(5.2) Long Blades
 + Level 5.2 Armour
 + Level 2.4 Dodging
 + Level 1.5 Stealth
 + Level 5.5 Shields


You had 6 spell levels left.
You didn't know any spells.
Your spell library was empty.

Dungeon Overview and Level Annotations

Branches:
Dungeon (5/15)              Sewer (visited)         Ossuary (visited)
 Temple: D:4-7

Altars:
Dithmenos
Kikubaaqudgha
Wu Jian
Zin

Annotations:
D:5 1 transporter, Pikel


Innate Abilities, Weirdness & Mutations

You reflexively headbutt those who attack you in melee.
You have a pair of horns on your head.
You can translocate small distances at will.
Your muscles are strong. (Str +2)


Message History

The gnoll hits you but does no damage. The gnoll sergeant closely misses you.
The gnoll closely misses you. You block the gnoll's attack.
You puncture the gnoll!
The gnoll is almost dead.
You feel sick. The gnoll hits you.
The gnoll sergeant hits you from afar with a +4 spear of venom.
You are more poisoned.
You closely miss the gnoll.
The gnoll is severely wounded.
You feel sick. The gnoll hits you with a +0 halberd.
You block the gnoll's attack. The gnoll barely misses you.
You block the gnoll sergeant's attack.
You hit the gnoll but do no damage. You headbutt the gnoll.
You kill the gnoll!
You feel sick. The gnoll hits you with a +0 halberd!
* * * LOW HITPOINT WARNING * * *
The gnoll hits you with a +0 flail.
* * * LOW HITPOINT WARNING * * *
The gnoll sergeant hits you from afar with a +4 spear of venom!
You die...

.. ≈≈≈≈≈≈≈≈≈≈...≈≈≈≈≈≈ .#
#.≈≈≈≈≈≈≈≈≈≈≈...≈≈≈≈≈≈ .#
#.≈≈#####...........## .#
#.≈≈#.8?#.###.©.###.#. .#
#.≈≈#...###©#####.# #
<###.≈≈###.......... .
.....≈≈.8#.##'###g####
.....≈≈.##.#...#.g8# .g
#....≈≈.#..'...g@©⌠# .'
###..≈≈.##.#...#.)8# #
#..≈≈.8#.##'###'######.# .≈≈.#
#..≈≈###.......(.......###≈≈.#
#..≈≈#...###.#####.###gg.#≈≈.##
#..≈≈#.8g#.###.©.###.#g8g#≈≈[..
#..≈≈#####...........#####≈≈..#
#..≈≈≈≈≈≈≈≈≈≈≈≈≈≈≈≈≈≈≈≈≈≈≈≈≈.#
#..≈≈≈≈≈≈≈≈≈≈≈≈≈≈≈≈≈≈≈≈≈≈≈≈≈.#


You could see a gnoll sergeant and 2 gnolls.

Vanquished Creatures
  A necrophage (D:4)
  A centaur (D:5)
  A lemure (D:5)
  A big kobold (Sewer)
  A scorpion (Ossuary)
  A howler monkey (D:4)
  A centaur zombie (Ossuary)
  2 orc wizards (D:4)
  A worker ant (D:4)
  A mummy (D:5)
  5 gnolls
  7 adders
  A river rat (D:5)
  An ooze (D:4)
  A worm (D:5)
  2 dart slugs (D:1)
  8 leopard geckos
  2 orcs (D:4)
  A ball python (D:2)
  4 giant cockroaches
  5 goblins
  11 hobgoblins
  5 jackals
  3 quokkas
  7 bats
  11 frilled lizards
  A hobgoblin zombie (Ossuary)
  A jackal skeleton (D:4)
  16 kobolds
  A kobold zombie (Ossuary)
  A leopard gecko skeleton (D:4)
  2 orc zombies (D:5)
  16 rats
123 creatures vanquished.

Vanquished Creatures (others)
  6 plants (D:5)
6 creatures vanquished.

Grand Total: 129 creatures vanquished

Notes
Turn   | Place    | Note
-------+----------+-------------------------------------------
     0 | D:1      | seveneves the Minotaur Fighter began the quest for the Orb.
     0 | D:1      | Reached XP level 1. HP: 19/19 MP: 0/0
   133 | D:1      | Reached XP level 2. HP: 27/27 MP: 1/1
   477 | D:1      | Reached XP level 3. HP: 27/33 MP: 2/2
   852 | D:2      | Reached XP level 4. HP: 21/40 MP: 3/3
   854 | D:2      | Found an ancient bone altar of Kikubaaqudgha.
  1017 | D:2      | Found a shadowy altar of Dithmenos.
  1258 | D:2      | Found an ornate altar of the Wu Jian Council.
  1428 | D:2      | Gained mutation: Your muscles are strong. (Str +2) [potion
                  | of mutation]
  1428 | D:2      | Gained mutation: You can translocate small distances at
                  | will. [potion of mutation]
  1510 | D:2      | Found a glowing silver altar of Zin.
  1609 | D:3      | Reached skill level 1 in Dodging
  1838 | D:3      | Found a faded altar of an unknown god.
  1931 | D:3      | Reached XP level 5. HP: 46/46 MP: 4/4
  2419 | D:4      | Reached skill level 1 in Short Blades
  2514 | D:4      | Noticed a necrophage
  2527 | D:4      | Killed a necrophage
  2528 | D:4      | Reached skill level 5 in Armour
  2528 | D:4      | Reached skill level 5 in Shields
  2528 | D:4      | Reached XP level 6. HP: 15/52 MP: 5/5
  3089 | D:5      | Entered Level 5 of the Dungeon
  3188 | D:5      | Found a sand-covered staircase.
  3214 | D:5      | Reached skill level 1 in Stealth
  3218 | Ossuary  | Entered an ossuary
  3260 | Ossuary  | Reached XP level 7. HP: 5/60 MP: 6/6
  3370 | D:5      | Noticed Pikel
  3484 | D:5      | Found a glowing drain.
  3490 | Sewer    | Entered a sewer
  3593 | Sewer    | Found a white marble altar of Elyvilon.
  3603 | Sewer    | Became a worshipper of Elyvilon the Healer
  3765 | D:5      | Found a transporter.
  3766 | D:5      | Found a transporter.
  3792 | D:5      | HP: 2/60 [gnoll/+0 flail (6)]
  3792 | D:5      | Mangled by a gnoll sergeant

Illustrated notes

Levels and vault maps discovered:
D:1:      erik_arrival_cave_to_civilisation [erik_arrival_cave_to_hall],
          layout_basic
D:2:      layout_rooms, kiku_gazebo_garden_becter, general_overflow_altar,
          overflow_temple_1_default, lemuel_round_altar
D:3:      layout_basic, serial_glass, glass_columns_a, glass_columns_a,
          chequers_ecumenical_altar_simple_redux, chequers_serial_rivers_micro_e
D:4:      layout_loops_ring
D:5:      layout_loops_ring, nicolae_ossuary_entry_giza, gup_sewer_entry_spiral,
          gammafunk_ghost_gnarly_gnolls, uniq_pikel, uniq_edmund

Skill      XL: |  1  2  3  4  5  6 |
---------------+-------------------+-----
Shields        | 4 5 |  5.5
Armour         | 4 5 |  5.2
Long Blades    | 3 4 |  4.3
Dodging        | 1 2 |  2.4
Fighting       | 4 |  4.9
Short Blades   | 1 3 |  3.7
Stealth        | 1 |  1.5

Action                   |  1- 3 |  4- 6 |  7- 9 || total
-------------------------+-------+-------+-------++-------
Melee: Long sword        |    69 |    66 |       ||   135
       Headbutt          |    11 |    24 |    12 ||    47
       Rapier            |       |   117 |    72 ||   189
  Use: Scroll            |     1 |     9 |     8 ||    18
       Potion            |       |     8 |     3 ||    11
 Stab: Sleeping          |       |     3 |     1 ||     4
Armor: Scale mail        |    49 |    28 |       ||    77
       Leather armour    |       |    31 |    17 ||    48
Dodge: Dodged            |    33 |    65 |    31 ||   129
Block: Kite shield       |    56 |    97 |    47 ||   200
       Rpst.: Long sword |    16 |     5 |       ||    21
